 Dungeon Crawl Stone Soup version 0.26-a0-572-g753d7e3450 (webtiles) character file.

Game seed: 7708900312359813726

13832 Mitsuki the Blocker (level 11, -1/99 HPs)
             Began as a Minotaur Fighter on Aug 20, 2020.
             Was a Priest of the Shining One.
             Slain by a troll (12 damage)
             ... on level 11 of the Dungeon on Aug 21, 2020.
             The game lasted 00:38:00 (11670 turns).

Mitsuki the Blocker (Minotaur Fighter)             Turns: 11670, Time: 00:38:01

Health: -1/99      AC:  5    Str: 21    XL:     11   Next: 80%
Magic:  14/17      EV:  9    Int:  7    God:    the Shining One [***...]
Gold:   836        SH: 21    Dex:  9    Spells: 10/10 levels left

rFire    . . .     SeeInvis .   a - +5 scimitar (freeze)
rCold    . . .     Faith    .   c - +0 kite shield
rNeg     + . .     Spirit   .   J - +5 ring mail of Intuition {Rampage MR+++ Dex-2}
rPois    .         Reflect  .   (helmet restricted)
rElec    .         Harm     .   A - +0 cloak
rCorr    .                      (no gloves)
MR       +++..                  (no boots)
Stlth    ..........             (no amulet)
HPRegen  0.26/turn              (no ring)
MPRegen  0.15/turn              (no ring)

@: divine shield, corroded, glowing
A: retaliatory headbutt, horns 2
a: Divine Shield, Renounce Religion


You were on level 11 of the Dungeon.
You worshipped the Shining One.
The Shining One was most pleased with you.
You visited 2 branches of the dungeon, and saw 13 of its levels.

You collected 836 gold pieces.

Inventory:

Hand Weapons
 a - a +5 scimitar of freezing (weapon)
 b - a +2 falchion of flaming
 z - the cursed +1 hand axe "Kyduipni" {protect, rElec rC++ Dex+4, unknown}
   (You found it on level 9 of the Dungeon)

   It grants its wielder temporary protection when it strikes (+7 to AC).
   It affects your dexterity (+4).
   It greatly protects you from cold.
   It insulates you from electricity.
   It has a curse placed upon it.
Armour
 c - a +0 kite shield (worn)
 A - a +0 cloak (worn)
 H - a +0 plate armour
 J - the +5 ring mail of Intuition (worn) {Rampage MR+++ Dex-2}
   (You found it on level 10 of the Dungeon)

   It affects your dexterity (-2).
   It affects your resistance to hostile enchantments.
   It bestows one free step when moving towards enemies.
Jewellery
 I - an uncursed ring of ice
Wands
 y - a wand of iceblast (6)
Scrolls
 e - 16 scrolls of identify
 g - 2 scrolls of fear {unknown}
 i - 4 scrolls of remove curse
 k - 2 scrolls of magic mapping {unknown}
 l - 3 scrolls of enchant weapon {unknown}
 m - 5 scrolls of teleportation
 n - a scroll of noise {unknown}
 o - a scroll of enchant armour {unknown}
 p - 3 scrolls of random uselessness {unknown}
 u - 2 scrolls of blinking {unknown}
 x - 2 scrolls of immolation {unknown}
 C - 2 scrolls of amnesia {unknown}
 E - a scroll of fog {unknown}
Potions
 d - a potion of might
 f - a potion of brilliance {unknown}
 h - 7 potions of curing
 j - 3 potions of degeneration {unknown}
 q - a potion of haste {unknown}
 r - 6 potions of heal wounds {unknown}
 s - a potion of invisibility {unknown}
 t - a potion of berserk rage
 v - 2 potions of stabbing {unknown}
 w - a potion of cancellation {unknown}
 B - 2 potions of mutation {unknown}
 D - a potion of flight {unknown}
 G - a potion of resistance {unknown}


   Skills:
 + Level 9.8 Fighting
 + Level 9.5 Long Blades
 + Level 9.9 Armour
 + Level 9.9 Shields
 * Level 9.5 Invocations
 + Level 6.2 Evocations


You had 10 spell levels left.
You didn't know any spells.
Your spell library contained the following spells:

 Spells                   Type           Power        Failure   Level
 Corona                   Hex            #......      80%         1
 Magic Dart               Conj           #...         80%         1
 Blink                    Tloc           N/A          90%         2
 Call Imp                 Summ           #.......     90%         2
 Ensorcelled Hibernation  Hex/Ice        #.....       90%         2
 Slow                     Hex            #.......     90%         2
 Confusing Touch          Hex            #.......     99%         3
 Conjure Flame            Conj/Fire      #.......     99%         3
 Dazzling Flash           Conj/Hex       #.....       99%         3
 Mephitic Cloud           Conj/Pois/Air  #.......     99%         3
 Tukima's Dance           Hex            #.......     99%         3


Dungeon Overview and Level Annotations

Branches:
Dungeon (12/15)            Temple (1/1) D:5            Lair (0/6) D:11
    Orc (0/2) D:9

Altars:
Elyvilon
Nemelex Xobeh
Trog
The Shining One

Annotations:
D:11 exclusion: oklob plant
D:12 Josephine


Innate Abilities, Weirdness & Mutations

You reflexively headbutt those who attack you in melee.
You have a pair of horns on your head.


Message History

You hit the troll. You freeze the troll.
The troll is lightly wounded.
The troll bites you.
* * * LOW HITPOINT WARNING * * *
You block the troll's attack. The troll claws you!
* * * LOW HITPOINT WARNING * * *
You take 11 damage, and have 18/99 hp.
You slash the troll! You freeze the troll.
You headbutt the troll, but do no damage.
The troll is heavily wounded.
The troll barely misses you. You block the troll's attack. x2
You hit the troll. You freeze the troll.
The troll is severely wounded.
The troll bites you but does no damage. The troll claws you!
* * * LOW HITPOINT WARNING * * *
You block the troll's attack.
You take 7 damage, and have 11/99 hp.
Your shield is strengthened by the Shining One's divine power.
You block the troll's attack. The troll claws you!
You die...

........... #..........
##.#........ .#
#..#........
..#####.#.........
#.....#.........#
#..............#..
#.....#T#.....#.##. .##.
#.....#@#.....#... .P..
#.......#.....#≈.. >...≈
#.......##....#.. ....
#.........#...#.##...#
###...####.#...#..#...#.o
##.......##......#...≈...#
#.....##..##.###....###..
##...#####.#..#
#†)........ #...## #...##
#)#########


You could see a troll.

Vanquished Creatures
  Erolcha (D:9)
  A hydra (D:11)
  2 two-headed ogres
  Pikel (D:5)
  2 ugly things
  A cyclops (D:11)
  Psyche (D:11)
  4 trolls
  A hornet (D:8)
  Grinder (D:5)
  2 hippogriffs
  A wraith (D:8)
  13 yaks
  2 wyverns (D:10)
  Eustachio (D:4)
  A steam dragon (D:9)
  Menkaure (D:6)
  A water moccasin (D:12)
  3 orc warriors
  2 sky beasts (D:7)
  3 black bears
  2 ice beasts
  A phantom (D:6)
  2 eyes of draining (D:10)
  2 centaurs
  6 ogres
  A crocodile (D:9)
  2 big kobolds
  3 lemures (D:5)
  4 bullfrogs
  A scorpion (D:5)
  9 wights
  7 howler monkeys
  4 jellies
  2 quasits
  A hound (D:8)
  A gnoll shaman (D:5)
  5 orc priests
  Crazy Yiuf (D:6)
  3 bullfrog skeletons
  2 centaur skeletons
  9 orc wizards
  An iguana (D:7)
  7 worker ants
  A killer bee zombie (D:7)
  A hound zombie (D:5)
  A howler monkey zombie (D:6)
  4 worker ant zombies
  15 gnolls
  14 adders
  A white imp (D:8)
  6 ufetubi
  2 oozes (D:1)
  2 adder skeletons (D:4)
  2 worms
  A dart slug (D:1)
  3 leopard geckos
  35 orcs
  5 bats
  6 giant cockroaches
  3 goblins
  9 hobgoblins
  5 jackals
  4 quokkas
  A ball python skeleton (D:5)
  4 frilled lizards
  19 kobolds
  11 rats
276 creatures vanquished.

Vanquished Creatures (others)
  An orc wizard (D:5)
  10 plants (D:11)
11 creatures vanquished.

Grand Total: 287 creatures vanquished

Notes
Turn   | Place    | Note
-------+----------+-------------------------------------------
     0 | D:1      | Mitsuki the Minotaur Fighter began the quest for the Orb.
     0 | D:1      | Reached XP level 1. HP: 19/19 MP: 0/0
   360 | D:1      | Reached XP level 2. HP: 24/27 MP: 1/1
   508 | D:1      | Reached XP level 3. HP: 32/33 MP: 2/2
  1340 | D:2      | Reached XP level 4. HP: 39/40 MP: 3/3
  1672 | D:3      | Found a faded altar of an unknown god.
  2222 | D:4      | Reached XP level 5. HP: 47/47 MP: 4/4
  2391 | D:4      | Reached skill level 5 in Shields
  2551 | D:4      | Noticed Eustachio
  2624 | D:4      | Reached skill level 5 in Fighting
  2624 | D:4      | Reached skill level 5 in Armour
  2703 | D:4      | Killed Eustachio
  2703 | D:4      | Reached XP level 6. HP: 49/56 MP: 5/5
  3266 | D:5      | Entered Level 5 of the Dungeon
  3266 | D:5      | Noticed Grinder
  3631 | D:5      | Reached XP level 7. HP: 50/61 MP: 6/6
  3648 | D:5      | Reached skill level 5 in Long Blades
  3648 | D:5      | Reached skill level 1 in Evocations
  3837 | D:5      | Found a staircase to the Ecumenical Temple.
  3837 | D:5      | Found a glowing golden altar of the Shining One.
  3844 | D:5      | Became a worshipper of the Shining One
  3915 | D:5      | Reached skill level 1 in Invocations
  4211 | D:5      | Paralysed by Grinder for 6 turns
  4220 | D:5      | Killed Grinder
  4380 | D:5      | Reached XP level 8. HP: 49/70 MP: 8/8
  4421 | D:5      | Noticed Pikel
  4456 | Temple   | Entered the Ecumenical Temple
  4510 | D:5      | Killed Pikel
  4989 | D:6      | Noticed Menkaure
  4989 | D:6      | Reached * piety under the Shining One
  4996 | D:6      | Killed Menkaure
  5737 | D:6      | Found a runed translucent door.
  5738 | D:6      | Noticed Crazy Yiuf
  5744 | D:6      | Killed Crazy Yiuf
  5744 | D:6      | Reached XP level 9. HP: 77/79 MP: 11/11
  6291 | D:7      | Reached skill level 5 in Invocations
  6825 | D:7      | Found a bloodstained altar of Trog.
  6826 | D:7      | Found a white marble altar of Elyvilon.
  7420 | D:8      | Noticed a two-headed ogre
  7946 | D:8      | Upgraded the game from 0.26-a0-547-g695e311587 to
                  | 0.26-a0-572-g753d7e3450
  8125 | D:8      | Reached ** piety under the Shining One
  8416 | D:9      | Noticed a two-headed ogre
  8422 | D:9      | Killed a two-headed ogre
  8422 | D:9      | Reached XP level 10. HP: 88/88 MP: 13/13
  8435 | D:9      | Found a staircase to the Orcish Mines.
  8900 | D:9      | Noticed Erolcha
  8918 | D:9      | Killed Erolcha
  9212 | D:9      | Got a faintly glowing hand axe
  9266 | D:9      | Found a glowing golden altar of the Shining One.
  9272 | D:9      | Reached skill level 5 in Evocations
  9470 | D:9      | You fall into a shaft and drop 3 floors!
  9489 | D:12     | Noticed Josephine
  9735 | D:11     | Noticed a cyclops
  9746 | D:11     | Killed a cyclops
  9746 | D:11     | Reached XP level 11. HP: 82/97 MP: 16/16
  9813 | D:10     | Entered Level 10 of the Dungeon
  9963 | D:10     | Reached *** piety under the Shining One
 10270 | D:9      | Found a sparkling altar of Nemelex Xobeh.
 10331 | D:10     | Noticed a purple ugly thing
 10340 | D:10     | Killed a purple ugly thing
 10343 | D:10     | Got a smoking ring mail
 10344 | D:10     | Identified the +5 ring mail of Intuition {Rampage MR+++
                  | Dex-2} (You found it on level 10 of the Dungeon)
 11226 | D:11     | Noticed a two-headed ogre
 11233 | D:11     | Noticed a five-headed hydra
 11247 | D:10     | Killed a two-headed ogre
 11257 | D:11     | Killed a one-headed hydra
 11415 | D:11     | Noticed Psyche
 11420 | D:11     | Killed Psyche
 11426 | D:11     | Found a staircase to the Lair.
 11426 | D:11     | Noticed an oklob plant
 11650 | D:11     | Noticed a brown ugly thing
 11664 | D:11     | Killed a brown ugly thing
 11670 | D:11     | Slain by a troll

Illustrated notes

Levels and vault maps discovered:
D:1:      psy_arrival_dodecagon, layout_rooms, minmay_pentomino_r2
D:2:      layout_loops_ring
D:3:      layout_basic, chequers_ecumenical_altar_simple
D:4:      layout_basic, uniq_eustachio
D:5:      layout_loops_cross, minmay_temple_entry_statues_fountains,
          basic_altar, uniq_grinder, uniq_pikel
D:6:      layout_loops_ring, eino_tiny_chamber, minmay_misc_feat_doors,
          uniq_menkaure, uniq_crazy_yiuf_cottage
D:7:      layout_basic, gammafunk_temple_overflow_pools
D:8:      layout_basic, grunt_ministairs_13
D:9:      layout_irregular_city, old_standard_altar,
          lemuel_coloured_pillars_altar, orc_0_dummy, uniq_erolcha
D:10:     layout_cave_pools
D:11:     layout_rooms, dpeg_oklobed_lair, grunt_ministairs_6,
          blue_anna_alchemist [blue_anna_fruit_fields, blue_anna_fruit_fields],
          uniq_psyche, uniq_sonja
D:12:     layout_cave_pools, gammafunk_ghost_nasty_kobolds, serial_shops,
          nicolae_shop_waterfront, fountainhead, uniq_urug, uniq_frances,
          uniq_josephine
Temple:   dpeg_five_rooms_temple

Skill      XL: |  1  2  3  4  5  6  7  8  9 10 11 |
---------------+----------------------------------+-----
Shields        | 4 5 6 7 8 9 |  9.9
Fighting       | 4 5 6 7 8 9 |  9.8
Armour         | 4 5 6 7 8 9 |  9.9
Long Blades    | 3 4 5 6 7 8 9 |  9.5
Evocations     | 2 3 4 5 6 |  6.2
Invocations    | 2 4 6 8 9 |  9.5

Action                   |  1- 3 |  4- 6 |  7- 9 | 10-12 || total
-------------------------+-------+-------+-------+-------++-------
Melee: Long sword        |   107 |    70 |       |       ||   177
       Headbutt          |    15 |    25 |    57 |    69 ||   166
       Falchion          |       |    76 |   273 |     8 ||   357
       Scimitar          |       |       |    34 |   277 ||   311
Throw: Throwing net      |       |       |     1 |     1 ||     2
Invok: Divine Shield     |       |       |       |     2 ||     2
  Use: Scroll            |       |       |     2 |     1 ||     3
       Potion            |       |       |     1 |       ||     1
Armor: Scale mail        |    61 |    43 |       |       ||   104
       Chain mail        |       |    12 |   118 |    21 ||   151
       Plate armour      |       |       |       |    65 ||    65
       Ring mail         |       |       |       |    60 ||    60
Dodge: Dodged            |    24 |    43 |    64 |    86 ||   217
Block: Kite shield       |    49 |    69 |   159 |   214 ||   491
       Rpst.: Long sword |     4 |     9 |       |       ||    13
       Falchion          |       |     2 |    13 |     1 ||    16
       Scimitar          |       |       |     3 |    20 ||    23

Table legend: (Time is in decaauts)
 A = Elapsed time spent in this place.
 B = Non-inter-level travel time spent in this place.
 C = Inter-level travel time spent in this place.
 D = Time resting spent in this place.
 E = Time spent auto-exploring this place.
 F = Levels seen in this place.
 G = Mean time per level.
                   A        B        C        D        E       F      G
               +--------+--------+--------+--------+--------+-----+--------+
         Total |  11781 |  11439 |    342 |   1153 |   8135 |  13 |  906.2 |
       Dungeon |  11736 |  11394 |    342 |   1110 |   8135 |  12 |  978.0 |
        Temple |     44 |     44 |      0 |     43 |      0 |   1 |   44.0 |
               +--------+--------+--------+--------+--------+-----+--------+

Top non-repeatable levels by time:
     D:5: 1486 daAuts
     D:7: 1391 daAuts
     D:9: 1343 daAuts
     D:4: 1127 daAuts
    D:10: 1102 daAuts
     D:8: 1026 daAuts
     D:6: 981 daAuts
    D:11: 823 daAuts
     D:2: 817 daAuts
     D:3: 814 daAuts
     D:1: 787 daAuts
  Temple: 44 daAuts
    D:12: 35 daAuts
